 Dungeon Crawl Stone Soup version 0.30-a0-639-g3916f1956a (webtiles) character file.

Game seed: 14825412290947832444

141 zinnoa the Sneak (level 5, -2/33 HPs)
             Began as an Octopode Enchanter on Jan 17, 2023.
             Was an Initiate of Gozag.
             Slain by a gnoll
             ... wielding a +0 flail
              (9 damage)
             ... on level 3 of the Dungeon.
             The game lasted 00:34:46 (2785 turns).

zinnoa the Sneak (Octopode Enchanter)               Turns: 2785, Time: 00:34:46

Health: -2/33      AC:  1    Str:  8    XL:     5   Next: 24%
Magic:  5/17       EV: 13    Int: 17    God:    Gozag
Gold:   224        SH:  0    Dex: 14    Spells: 3/9 levels left

rFire   . . .      SeeInvis .    m - +1 rapier (speed)
rCold   . . .      Faith    .    (no shield)
rNeg    . . .      Spirit   .    (helmet restricted)
rPois   .          Reflect  .    (no amulet)
rElec   .          Harm     .    g - ring of magical power
rCorr   .          Rampage  .    (no ring)
Will    .....                    (no ring)
Stlth   ++++                     (no ring)
HPRegen 0.25/turn                (no ring)
MPRegen 0.15/turn                (no ring)
                                 (no ring)
                                 (no ring)

@: very slightly contaminated
A: almost no armour, amphibious, 8 rings, camouflage 1, gelatinous body 1,
(nimble swimmer 1), tentacles
a: Renounce Religion, Potion Petition, Call Merchant, Bribe Branch


You were on level 3 of the Dungeon.
You worshipped Gozag.
Gozag was aware of your devotion.
You visited 1 branch of the dungeon, and saw 3 of its levels.

You collected 239 gold pieces.
You paid 15 gold pieces to Gozag.

Inventory:

Hand Weapons
 e - a +2 dagger of venom
 l - a +0 sling
 m - a +1 rapier of speed (weapon)
Missiles
 r - 17 stones
Jewellery
 g - a ring of magical power (left tentacle)
Scrolls
 a - a scroll of immolation {unknown}
 c - a scroll of torment {unknown}
 d - a scroll of enchant armour {unknown}
 f - 2 scrolls of vulnerability {unknown}
 i - 6 scrolls of identify {unknown}
 j - a scroll of silence {unknown}
 o - a scroll of fog {unknown}
 p - a scroll of blinking {unknown}
 s - 3 scrolls of fear {unknown}
Potions
 b - 2 potions of invisibility
 h - a potion of brilliance {unknown}
 k - a potion of mutation {unknown}
 n - 2 potions of heal wounds {unknown}


   Skills:
 + Level 1.1 Fighting
 + Level 1.7 Short Blades
 + Level 2.4 Dodging
 + Level 5.7 Stealth
 + Level 2.5 Spellcasting
 + Level 3.6 Hexes
 + Level 0.8 Ice Magic


You had 3 spell levels left.
You knew the following spells:

 Your Spells              Type           Power      Damage    Failure   Level
a - Ensorcelled Hibernat  Hex/Ice        18%        N/A       11%         2
b - Sandblast             Erth           4%         2d4       19%         1
c - Tukima's Dance        Hex            14%        N/A       12%         3

Your spell library contained the following spells:

 Spells                   Type           Power      Damage    Failure   Level
 Confusing Touch          Hex            14%        N/A       12%         3
 Dazzling Flash           Conj/Hex       16%        N/A       26%         3
 Passwall                 Tmut/Erth      1%         N/A       28%         2
 Stone Arrow              Conj/Erth      4%         3d7       50%         3


Dungeon Overview and Level Annotations

Branches:
Dungeon (3/15)

Altars:
Gozag

Shops:
D:2 [*

Annotations:
D:1 1 exclusion


Innate Abilities, Weirdness & Mutations

You cannot wear most types of armour.
You are amphibious.
You can wear up to eight rings at the same time.
Your skin changes colour to match your surroundings (Stealth+).
Your rubbery body absorbs attacks. (AC +1, EV +1)
((You are camouflaged when in or above water. (Stealth+)))
You have tentacles for arms and can constrict up to eight enemies at once.


Message History

The gnoll resists with significant effort.
The gnoll barely misses you.
You barely miss the gnoll. You grab the gnoll. You squeeze the gnoll!
The gnoll is heavily wounded.
You constrict the gnoll, but do no damage.
The gnoll misses you.
You hit the gnoll.
The gnoll is almost dead.
You constrict the gnoll.
The gnoll struggles to escape constriction.
You completely miss the gnoll.
You squeeze the gnoll, but do no damage.
The gnoll is almost dead.
You constrict the gnoll, but do no damage.
The gnoll hits you with a +0 club!
You hit the gnoll but do no damage. You squeeze the gnoll.
You kill the gnoll!
Casting: Ensorcelled Hibernation (safe; 11% risk of failure)
Confirm with . or Enter, or press ? or * to list all spells.
Aiming: Ensorcelled Hibernation (safe; 11% risk of failure)
Press: ? - help, Shift-Dir - straight line, f - gnoll
Aim: a gnoll, wielding a +0 flail (moderately wounded, not susceptible)
You miscast Ensorcelled Hibernation.
You are very lightly contaminated with residual magic.
Nothing appears to happen.
You closely miss the gnoll. Your grab misses the gnoll.
The gnoll is moderately wounded.
The gnoll hits you with a +0 flail!
* * * LOW HITPOINT WARNING * * *
You closely miss the gnoll. You grab the gnoll.
The gnoll is moderately wounded.
You constrict the gnoll. The gnoll misses you.
You hit the gnoll. You squeeze the gnoll.
The gnoll is severely wounded.
You constrict the gnoll. You hit the gnoll.
The gnoll is severely wounded.
You constrict the gnoll. The gnoll hits you with a +0 flail!
You die...
Your body crumbles into a pile of gold.

#.............# ..
######..#....## #.
#..######.##.#### (.
#....<......# ##.#
######......###...#
######.#.#......###..#
#......#..#.##......#
....#######.#..#g#...
... #..#..@####... ..
#####.##$$(....# .
#..........#####
..####........#
#....?....###.#
#.#####...... #
#..###... #... #.
#.##.


You could see a gnoll.

Vanquished Creatures
  3 adders
  3 gnolls
  3 worms
  A dart slug (D:3)
  2 orcs (D:3)
  4 ball pythons
  7 bats
  4 endoplasms
  4 giant cockroaches
  4 goblins
  4 hobgoblins
  12 jackals
  8 kobolds
  2 quokkas (D:2)
  2 frilled lizards
  4 rats
67 creatures vanquished.

Vanquished Creatures (others)
  A dancing weapon (D:3)
1 creature vanquished.

Grand Total: 68 creatures vanquished

Notes
Turn   | Place    | Note
-------+----------+-------------------------------------------
     0 | D:1      | zinnoa the Octopode Enchanter began the quest for the Orb.
     0 | D:1      | Reached XP level 1. HP: 11/11 MP: 3/3
   269 | D:1      | Reached XP level 2. HP: 14/18 MP: 5/5
   406 | D:1      | Learned a level 2 spell: Ensorcelled Hibernation
   408 | D:1      | Learned a level 1 spell: Sandblast
   871 | D:1      | Reached XP level 3. HP: 22/22 MP: 6/6
  1451 | D:2      | Found Vydghuergh's General Store.
  1498 | D:2      | Reached skill level 5 in Stealth
  1620 | D:2      | Found an opulent altar of Gozag.
  1639 | D:2      | Reached skill level 1 in Fighting
  1639 | D:2      | Reached XP level 4. HP: 17/28 MP: 7/7
  1670 | D:2      | Became a worshipper of Gozag Ym Sagoz the Greedy
  1974 | D:2      | Found Cuts's Antique Armour Shoppe.
  2378 | D:2      | Learned a level 3 spell: Tukima's Dance
  2589 | D:3      | Reached XP level 5. HP: 6/33 MP: 8/8
  2785 | D:3      | Slain by a gnoll

Illustrated notes

Levels and vault maps discovered:
D:1:      dpeg_arrival_windows_large_door, layout_basic
D:2:      layout_loops_ring, basic_altar, serial_shops, shop, shop_statue
D:3:      layout_rooms, minmay_randomly_rotated_circles

Skill      XL: |  1  2  3 |
---------------+----------+-----
Stealth        | 5 |  5.7
Fighting       | 1 |  1.1
Short Blades   | |  1.7
Dodging        | |  2.4
Spellcasting   | |  2.5
Hexes          | |  3.6
Ice Magic      | |  0.8

Action                   |  1- 3 |  4- 6 || total
-------------------------+-------+-------++-------
Melee: Dagger            |    53 |       ||    53
       Constrict         |     9 |    10 ||    19
       Tentacles         |     8 |    13 ||    21
       Rapier            |    14 |    50 ||    64
       Punch             |       |     1 ||     1
 Cast: Ensorcelled Hiber |    17 |    11 ||    28
       Tukima's Dance    |       |     1 ||     1
 Stab: Sleeping          |    18 |    12 ||    30
Armor: Skin              |     5 |     3 ||     8
Dodge: Dodged            |    27 |    19 ||    46

Table legend: (Time is in decaauts)
 A = Elapsed time spent in this place.
 B = Non-inter-level travel time spent in this place.
 C = Inter-level travel time spent in this place.
 D = Time resting spent in this place.
 E = Time spent auto-exploring this place.
 F = Levels seen in this place.
 G = Mean time per level.
                   A        B        C        D        E       F      G
               +--------+--------+--------+--------+--------+-----+--------+
         Total |   2753 |   2679 |     74 |    448 |   1006 |   3 |  917.7 |
       Dungeon |   2753 |   2679 |     74 |    448 |   1006 |   3 |  917.7 |
               +--------+--------+--------+--------+--------+-----+--------+

Top non-repeatable levels by time:
     D:1: 1374 daAuts
     D:2: 1104 daAuts
     D:3: 273 daAuts
